AoeStats
← ITA | Raffy

Socotra

504346947Analyzed
4v4 RM · 27d ago on Sep 5, 2026· 33m 42s· 8 players
Game mode
Random Map
Map size
148×148
Population
200
Speed
Normal
Resources
Standard
Victory
Conquest
Starting age
Dark Age
Ending age
Imperial Age
RankedLock teamsTeams togetherTeam positionsShared explorationLock speedFull tech treeHidden civsTurbo modeCheats
Victory
Defeat
🇮🇳 Ethiopians · India
1346
+13
🇺🇸 Saracens · United States
1344
+13
🇮🇳 Persians · India
1344
+13
🇲🇽 Khitans · Mexico
1328
+13
🇮🇹 Georgians · Italy
1304
-15
🇦🇷 Cumans · Argentina
1272
-13
🇹🇷 Goths · Türkiye
1267
-13
🇺🇸 Ethiopians · United States
1236
-11
BlackStone
0:30 Loom
11:58 Feudal Age
16:56 Castle Age
15:34 Double-Bit Axe
19:57 Scale Mail Armor
20:37 Forging
25:49 Chain Mail Armor
28:20 Iron Casting
30:06 Wheelbarrow
killerdonkeywithacapitalk
8:50 Loom
12:05 Feudal Age
13:53 Double-Bit Axe
14:33 Gold Mining
16:33 Fletching
19:26 Padded Archer Armor
-EL-
7:21 Loom
9:20 Feudal Age
22:01 Wheelbarrow
27:45 Castle Age
27:54 Pikeman
ITA | Raffy
6:17 Loom
8:26 Feudal Age
9:08 Double-Bit Axe
16:06 Wheelbarrow
17:20 Bloodlines
17:35 Scale Barding Armor
20:40 Forging
:) YO30830
9:50 Feudal Age
10:18 Double-Bit Axe
11:19 Domestication
17:08 Loom
19:58 Castle Age
18:23 Forging
20:09 Scale Barding Armor
20:05 Light Cavalry
21:28 Iron Casting
26:26 Gold Mining
29:51 Chain Barding Armor
31:25 Pastoralism
[GG] Trollermeister
6:39 Loom
9:35 Feudal Age
14:35 Double-Bit Axe
16:03 Fletching
17:23 Padded Archer Armor
21:35 Castle Age
19:58 Horse Collar
21:24 Gold Mining
21:38 Crossbowman
22:23 Bodkin Arrow
24:38 Leather Archer Armor
24:58 Ballistics
26:44 Bow Saw
34:44 Imperial Age
33:28 Thumb Ring
Sanskari Ladka
5:49 Loom
8:31 Feudal Age
9:07 Double-Bit Axe
9:03 Horse Collar
13:27 Wheelbarrow
15:47 Town Watch
16:29 Scale Barding Armor
18:47 Forging
20:41 Bloodlines
24:19 Castle Age
25:14 Chain Barding Armor
25:30 Iron Casting
AL. EviL DeEdZ
6:52 Loom
9:50 Feudal Age
12:58 Fletching
15:36 Padded Archer Armor
20:05 Double-Bit Axe
24:13 Castle Age
24:18 Crossbowman
24:57 Bodkin Arrow
26:04 Horse Collar
29:17 Bow Saw
31:34 Gold Mining
31:59 Heavy Plow
Connection lost

Rejoining the realm…

Still unreachable

The connection could not be restored.

Session expired

The server has moved on; the page needs a fresh start.